 Dungeon Crawl Stone Soup version 0.29.0-15-g675c0067aa (webtiles) character file.

Game seed: 7395175345922642664

35 pacmanke6689 the Shield-Bearer (level 3, -1/30 HPs)
             Began as a Formicid Fighter on Sept 11, 2022.
             Killed from afar by Sigmund (9 damage)
             ... with a puff of flame
             ... on level 2 of the Dungeon.
             The game lasted 00:02:21 (1229 turns).

pacmanke6689 the Shield-Bearer (Formicid Fighter)   Turns: 1229, Time: 00:02:22

Health: -1/30      AC:  8    Str: 22    XL:     3   Next: 55%
Magic:  3/3        EV:  9    Int:  7    God:
Gold:   76         SH:  5    Dex: 13    Spells: 2/2 levels left

rFire   . . .      SeeInvis +   a - +0 war axe
rCold   . . .      Faith    .   c - +0 buckler
rNeg    . . .      Spirit   .   b - +0 scale mail
rPois   .          Reflect  .   (helmet unavailable)
rElec   .          Harm     .   (no cloak)
rCorr   .          Rampage  .   (no gloves)
Will    .....                   h - +0 pair of boots
Stlth   ..........              (no amulet)
HPRegen 0.10/turn               (no ring)
MPRegen 0.08/turn               (no ring)

@: lethally poisoned (-1 -> -2)
A: permanent stasis, dig shafts and tunnels, antennae 3, four strong arms
a: Dig, Shaft Self


You were on level 2 of the Dungeon.
You visited 1 branch of the dungeon, and saw 2 of its levels.

You collected 76 gold pieces.

Inventory:

Hand Weapons
 a - a +0 war axe (weapon)
Armour
 b - a +0 scale mail (worn)
 c - a +0 buckler (worn)
 h - a +0 pair of boots (worn)
Scrolls
 i - 2 scrolls of butterflies
Potions
 d - a potion of might
 e - a potion of attraction {unknown}
 f - 2 potions of heal wounds
 j - a potion of brilliance {unknown}
 k - a potion of degeneration {unknown}
 n - a potion of curing {unknown}
 q - 2 potions of resistance {unknown}
 r - 2 potions of lignification {unknown}


   Skills:
 + Level 3.8 Fighting
 + Level 2.4 Axes
 + Level 3.6 Armour
 + Level 4.4 Shields


You had 2 spell levels left.
You didn't know any spells.
Your spell library was empty.

Dungeon Overview and Level Annotations

Branches:
Dungeon (2/15)

Altars:

Annotations:
D:2 Jessica, Sigmund


Innate Abilities, Weirdness & Mutations

You cannot be hasted, slowed, berserked, paralysed or teleported.
You can dig through walls and to a lower floor.
You have a pair of large antennae on your head. (SInv)
Your four strong arms can wield two-handed weapons with a shield.


Message History

You kill the rat!
Your butterfly disappears in a burst of colours!
Sigmund barely misses you.
There is an open door, spattered with blood here.
You slash Sigmund!
Sigmund is heavily wounded.
A goblin comes into view. It is wielding a +0 club.
Sigmund gestures at you while chanting. You resist with some effort.
You closely miss Sigmund.
Sigmund is heavily wounded.
The goblin shouts!
You hit the rat.
You kill the rat!
You hear a shout!
Sigmund hits you with a +1 scythe of venom.
You are poisoned.
You hit Sigmund.
Sigmund is severely wounded.
You feel very sick. Sigmund barely misses you.
You closely miss Sigmund.
Sigmund is severely wounded.
You feel sick.
Sigmund hits you with a +1 scythe of venom.
You hit Sigmund.
Sigmund is severely wounded.
You feel sick. You block Sigmund's attack.
Jessica the Apprentice Sorceress comes into view.
She is wielding a +0 club, wearing a +2 robe of cold resistance and carrying a wand of roots (8).
The goblin hits you with a +0 club.
You closely miss Sigmund.
Sigmund is severely wounded.
You hit the goblin.
You feel sick.
Sigmund drinks a potion.
Sigmund is healed!
The goblin closely misses you.
You hit Sigmund.
Sigmund is lightly wounded.
You barely miss the goblin.
You feel sick.
Sigmund points at you and mumbles some strange words.
The puff of flame hits you!
You die...

**,*,*,,,,,,* *,*****
*,*,*,,***** *,,,,,*
*,,,*,,*#######****,** #
*****,,*.......* *,.## ####
*,,*.......* **..#######...
****,,*.......* *#.#.....#..#
*,,,,,*.......*#####.#.###....#
*,,,,,,......@##.......###{{#.#
*,,,,,,.@....g@.........##b.#.#
*,,,,,,.......##..$..#........#
*,,,,,,.......++...^.#.#..#####
*,,,,,,.......*#......?†>....#
*,,,,**#######*##+##########.#*
*,,,,* *,*,,,,,,,,,,.# ******
*,*,******,,,,# *,*,* *,**,*
*,*,* *,,,,*


You could see Sigmund, Jessica and a goblin.

Vanquished Creatures
  A gnoll (D:1)
  A dart slug (D:2)
  4 endoplasms
  2 giant cockroaches
  A goblin (D:1)
  A hobgoblin (D:1)
  3 quokkas (D:1)
  A ball python (D:1)
  A bat (D:1)
  5 kobolds (D:1)
  3 rats
23 creatures vanquished.

Notes
Turn   | Place    | Note
-------+----------+-------------------------------------------
     0 | D:1      | pacmanke6689 the Formicid Fighter began the quest for the
                  | Orb.
     0 | D:1      | Reached XP level 1. HP: 18/18 MP: 1/1
    44 | D:1      | Reached XP level 2. HP: 20/24 MP: 2/2
   221 | D:1      | Reached XP level 3. HP: 30/30 MP: 3/3
   599 | D:1      | Found a faded altar of an unknown god.
  1219 | D:2      | Noticed Sigmund
  1227 | D:2      | Noticed Jessica
  1229 | D:2      | Killed from afar by Sigmund

Illustrated notes

Levels and vault maps discovered:
D:1:      dpeg_arrival_line_fractal, layout_basic,
          hellmonk_ecumenical_altar_lost_god, chequers_serial_rivers_micro_b,
          minmay_pentomino_o4
D:2:      layout_basic, minmay_split_cup_small, uniq_natasha, uniq_sigmund,
          uniq_jessica

Action                   || total
-------------------------++-------
Melee: War axe           ||    72
  Use: Scroll            ||     6
Armor: Scale mail        ||    32
Dodge: Dodged            ||    42
Block: Buckler           ||    24
